 Dungeon Crawl Stone Soup version 0.30-a0-23-ge60ba3568b (webtiles) character file.

Game seed: 14437108896821588552

77 SensoryNuts the Trooper (level 4, -11/35 HPs)
             Began as a Demonspawn Fighter on Aug 24, 2022.
             Killed by an exploding Ijyb (16 damage)
             ... ignited by their inner flame
             ... on level 3 of the Dungeon.
             The game lasted 00:02:19 (2128 turns).

SensoryNuts the Trooper (Demonspawn Fighter)        Turns: 2128, Time: 00:02:20

Health: -11/35     AC:  7    Str: 16    XL:     4   Next: 14%
Magic:  4/4        EV:  9    Int: 10    God:
Gold:   144        SH:  5    Dex: 14    Spells: 3/3 levels left

rFire   + . .      SeeInvis .    a - +0 war axe
rCold   + . .      Faith    .    c - +0 buckler
rNeg    . . .      Spirit   .    b - +0 scale mail
rPois   .          Reflect  .    j - +0 helmet
rElec   .          Harm     .    g - scarf {rC+ rF+}
rCorr   .          Rampage  .    (no gloves)
Will    .....                    (no boots)
Stlth   ..........               (no amulet)
HPRegen 0.11/turn                (no ring)
MPRegen 0.18/turn                (no ring)

@: no status effects
A: hooves 1, magic regeneration
a: no special abilities


You were on level 3 of the Dungeon.
You visited 1 branch of the dungeon, and saw 3 of its levels.

You collected 144 gold pieces.

Inventory:

Hand Weapons
 a - a +0 war axe (weapon)
Armour
 b - a +0 scale mail (worn)
 c - a +0 buckler (worn)
 g - a scarf of resistance (worn)
 j - a +0 helmet (worn)
Jewellery
 i - an amulet of regeneration
Scrolls
 e - a scroll of immolation
 f - 2 scrolls of teleportation {unknown}
 h - 2 scrolls of identify {unknown}
Potions
 d - 3 potions of might


   Skills:
 + Level 3.4 Fighting
 * Level 3.1 Axes
 + Level 3.0 Armour
 + Level 0.4 Dodging
 + Level 0.2 Stealth
 + Level 2.9 Shields


You had 3 spell levels left.
You didn't know any spells.
Your spell library contained the following spells:

 Spells                   Type           Power      Damage    Failure   Level
 Dazzling Flash           Conj/Hex       0%         N/A       99%         3
 Agony                    Necr           0%         N/A       100%        5
 Silence                  Hex/Air        0%         N/A       100%        5


Dungeon Overview and Level Annotations

Branches:
Dungeon (3/15)

Altars:

Shops:
D:1 (![([


Innate Abilities, Weirdness & Mutations

You have large cloven feet.
You regenerate magic rapidly.


Message History

You see here a rat corpse.
A rat comes into view.
The rat moves out of view.
You closely miss the rat. You kick the rat.
You kill the rat!
No target in view!
No target in view!
No target in view!
No target in view!
No target in view!
No target in view!
No target in view!
You now have 144 gold pieces (gained 13).
Ijyb the Twisted Goblin comes into view.
She is wielding a +0 club and carrying a wand of mindburst (9).
Ijyb shouts!
Ijyb zaps a wand.
Your mind is blasted!
Ijyb is nearby!
Found a quarterstaff.
Ijyb grins evilly.
Ijyb zaps a wand.
Your mind is blasted!
Ouch! That really hurt!
You are too injured to fight recklessly!
You are too injured to fight recklessly!
You are too injured to fight recklessly!
You are too injured to fight recklessly!
Ijyb is nearby!
Okay, then.
Unknown command.
As you read the scroll labelled WIACSAI OGIARU, it crumbles to dust.
The creatures around you are filled with an inner flame!
It was a scroll of immolation.
Found a stone staircase leading down.
You hit Ijyb but do no damage.
Ijyb zaps a wand.
Your mind is blasted!
* * * LOW HITPOINT WARNING * * *
You hit Ijyb.
Flame seeps out of Ijyb.
Your kick misses Ijyb.
Ijyb is moderately wounded.
Ijyb is engulfed in blazing flames.
Ijyb explodes!
The fiery explosion engulfs you! You resist.
You die...

# #. #.######## ..
# ###........# ..>
#............#.)..
..##.....§.......
.........@○§.....
##......§§..... #
#........#....
#.##....$...≈#...
#......≈≈.##≈# .
####.##.~≈.#~≈≈.+#
###.#.##~≈.#..≈~.#
#......######≈≈ .#
#.#.#.#.###≈≈≈.....


There were no monsters in sight!

Vanquished Creatures
  Ijyb (D:3)
  3 adders (D:2)
  A worm (D:2)
  6 bats
  8 endoplasms
  4 giant cockroaches
  2 goblins (D:2)
  6 hobgoblins
  2 jackals (D:1)
  2 quokkas (D:2)
  A ball python (D:1)
  2 frilled lizards
  3 kobolds
  4 rats
45 creatures vanquished.

Vanquished Creatures (others)
  A plant (D:2)
1 creature vanquished.

Grand Total: 46 creatures vanquished

Notes
Turn   | Place    | Note
-------+----------+-------------------------------------------
     0 | D:1      | SensoryNuts the Demonspawn Fighter began the quest for the
                  | Orb.
     0 | D:1      | Reached XP level 1. HP: 18/18 MP: 1/1
   106 | D:1      | Found Uconust's Armour Boutique.
   197 | D:1      | Found Noabesk's Weapon Boutique.
   294 | D:1      | Gained mutation: You regenerate magic rapidly. [demonic
                  | ancestry]
   294 | D:1      | Reached XP level 2. HP: 16/24 MP: 2/2
   534 | D:1      | Found Dax Iluf's Armour Emporium.
   535 | D:1      | Found a faded altar of an unknown god.
   663 | D:1      | Found Kynnoypne's Antique Weapon Emporium.
   713 | D:1      | Found Miotaege's Distillery.
  1272 | D:2      | Gained mutation: You have large cloven feet. [demonic
                  | ancestry]
  1272 | D:2      | Reached XP level 3. HP: 29/29 MP: 3/3
  1670 | D:2      | Reached XP level 4. HP: 35/35 MP: 4/4
  2122 | D:3      | Noticed Ijyb
  2128 | D:3      | Killed Ijyb
  2128 | D:3      | Killed by an exploding Ijyb... ignited by their inner flame

Illustrated notes

Levels and vault maps discovered:
D:1:      kilobyte_arrival_exit_the_forest, layout_loops_ring, serial_shops,
          nicolae_shop_advertising_works [nicolae_subvault_shop_adworks], shop,
          nicolae_shop_bloodbath_and_beyond, nicolae_shop_trees,
          nicolae_shop_overgrown_old_shop, ebering_ecumenical_altar_rust
D:2:      cheibrodos_old_hovel, layout_loops_ring
D:3:      layout_loops_corners, nicolae_overflow_hidden_temple, serial_rivers,
          chequers_serial_rivers_marsh, chequers_serial_rivers_micro_e,
          chequers_serial_rivers_large_a, chequers_serial_rivers_micro_a,
          chequers_serial_rivers_small_b, uniq_ijyb, uniq_terence

Skill      XL: |  1  2  3  4 |
---------------+-------------+-----
Axes           | 2 3 |  3.1
Armour         | 3 |  3.0
Fighting       | |  3.4
Dodging        | |  0.4
Stealth        | |  0.2
Shields        | |  2.9

Action                   |  1- 3 |  4- 6 || total
-------------------------+-------+-------++-------
Melee: War axe           |    93 |    13 ||   106
       Kick              |     5 |     4 ||     9
  Use: Scroll            |       |     1 ||     1
Armor: Scale mail        |    62 |     5 ||    67
Dodge: Dodged            |    51 |     4 ||    55
Block: Buckler           |    25 |     1 ||    26

Table legend: (Time is in decaauts)
 A = Elapsed time spent in this place.
 B = Non-inter-level travel time spent in this place.
 C = Inter-level travel time spent in this place.
 D = Time resting spent in this place.
 E = Time spent auto-exploring this place.
 F = Levels seen in this place.
 G = Mean time per level.
                   A        B        C        D        E       F      G
               +--------+--------+--------+--------+--------+-----+--------+
         Total |   2178 |   2045 |    133 |      0 |   1724 |   3 |  726.0 |
       Dungeon |   2178 |   2045 |    133 |      0 |   1724 |   3 |  726.0 |
               +--------+--------+--------+--------+--------+-----+--------+

Top non-repeatable levels by time:
     D:1: 1223 daAuts
     D:2: 912 daAuts
     D:3: 42 daAuts
